 Dungeon Crawl Stone Soup version 0.28.0-47-ge53b351184 (webtiles) character file.

Game seed: 8980087589233614691

1 Pemander the Vexing (level 1, -2/7 HPs)
             Began as a Felid Enchanter on May 2, 2022.
             Killed from afar by a dart slug (4 damage)
             ... with a slug dart
             ... on level 1 of the Dungeon.
             The game lasted 00:00:07 (120 turns).

Pemander the Vexing (Felid Enchanter)                Turns: 120, Time: 00:00:07

Health: -2/7       AC:  1    Str:  4    XL:     1   Next: 16%
Magic:  4/4        EV: 17    Int: 16    God:
Gold:   0          SH:  0    Dex: 16    Spells: 4/4 levels left
                                        Lives:  0   Deaths: 0

rFire   . . .      SeeInvis +     - Unarmed
rCold   . . .      Faith    .   (shield unavailable)
rNeg    . . .      Spirit   .   (armour unavailable)
rPois   .          Reflect  .   (helmet unavailable)
rElec   .          Harm     .   (cloak unavailable)
rCorr   .          Rampage  .   (gloves unavailable)
Will    .....                   (boots unavailable)
Stlth   +++.......              (no amulet)
HPRegen 0.02/turn               (no ring)
MPRegen 0.09/turn               (no ring)

@: quick
A: very small, claws 1, fangs 3, see invisible, speed 1, shaggy fur 1, stealthy
paws, no weapons or thrown items, no armour, multi-lived
a: no special abilities


You were on level 1 of the Dungeon.
You visited 1 branch of the dungeon, and saw 1 of its levels.

Inventory:

Jewellery
 b - an amulet of faith
Potions
 a - a potion of invisibility


   Skills:
 - Level 2.6 Dodging
 - Level 4.0 Stealth
 + Level 1.1 Unarmed Combat
 - Level 2.0 Spellcasting
 + Level 4.4 Hexes


You had 4 spell levels left.
You didn't know any spells.
Your spell library contained the following spells:

 Spells                   Type           Power      Damage    Failure   Level
 Confusing Touch          Hex            15%        N/A       10%         3
 Tukima's Dance           Hex            15%        N/A       10%         3
 Ensorcelled Hibernation  Hex/Ice        16%        N/A       13%         2
 Dazzling Flash           Conj/Hex       16%        N/A       26%         3


Dungeon Overview and Level Annotations

Branches:
Dungeon (1/15)

Altars:


Innate Abilities, Weirdness & Mutations

You have sharp claws.
You have razor-sharp teeth.
You have supernaturally acute eyesight. (SInv)
You cover ground quickly. (Speed+)
You are covered in fur. (AC +1)
Your paws help you pounce on unaware monsters.
You are incapable of wielding weapons or throwing items.
You cannot wear armour.
You gain extra lives every three experience levels.


Message History

Welcome, Pemander the Felid Enchanter.
You feel drawn to the Orb of Zot, downwards into the unfathomable depths...
Press ? for a list of commands and other information.
Found a staircase leading out of the dungeon.
A ball python comes into view.
A ball python is nearby!
A ball python is nearby!
The ball python hisses angrily.
The ball python bites you. The ball python closely misses you.
You scratch the ball python.
You kill the ball python!
No target in view!
You start resting.
HP restored.
You see here a ball python corpse.
b - an amulet of faith You open the door.
A dart slug and a kobold come into view.
There are monsters nearby!
A ball python comes into view.
There is an open door here.
You completely miss the dart slug.
The kobold shouts!
The ball python hisses angrily.
The dart slug launches a dart at you. The slug dart hits you.
Ouch! That really hurt!
* * * LOW HITPOINT WARNING * * *
You are too injured to fight recklessly!
The dart slug launches a dart at you. The slug dart hits you.
Ouch! That really hurt!
You die...

≈≈P.....P≈≈≈≈#
≈P.......P≈≈≈##.
P.........P≈≈#.#
...........P≈#.# #+##
............P#.# #...#
#####..##....#.# #.....
##†##.##.#.# #......
######.##.#....###.......
................@'w...S..
#########.......##...K...
###.###.# #...... #.# #.#
#..... #.# #.# #...# #..
..# #+## ### ###


You could see a dart slug, a ball python and a kobold.

Vanquished Creatures
  A ball python (D:1)
1 creature vanquished.

Notes
Turn   | Place    | Note
-------+----------+-------------------------------------------
     0 | D:1      | Pemander the Felid Enchanter began the quest for the Orb.
     0 | D:1      | Reached XP level 1. HP: 7/7 MP: 4/4
   120 | D:1      | Killed from afar by a dart slug

Illustrated notes

Levels and vault maps discovered:
D:1:      eino_arrival_druids_welcome, layout_loops_corners,
          dreamdust_ecumenical_altar_angels_and_demons, minivault_5,
          minmay_misc_feat_plants, minmay_cut_off

Action                   || total
-------------------------++-------
Melee: Unarmed           ||     2
Dodge: Dodged            ||     1
